 Dungeon Crawl Stone Soup version 0.27.1-3-gb3d3a73c9e (webtiles) character file.

Game seed: 12511500195498546984

10 belegose the Skirmisher (level 2, 0/24 HPs)
             Began as a Mummy Abyssal Knight on Oct 29, 2021.
             Was an Initiate of Lugonu.
             Slain by a gnoll (11 damage)
             ... on level 1 of the Dungeon.
             The game lasted 00:01:53 (648 turns).

belegose the Skirmisher (Mummy Abyssal Knight)       Turns: 648, Time: 00:01:54

Health: 0/24       AC:  3    Str: 15    XL:     2   Next: 10%
Magic:  3/3        EV: 11    Int: 11    God:    Lugonu [......]
Gold:   0          SH:  0    Dex: 11    Spells: 1/1 levels left

rFire    x . .     SeeInvis .   a - +1 mace
rCold    + . .     Faith    .   (no shield)
rNeg     + + +     Spirit   .   b - +0 leather armour
rPois    ∞         Reflect  .   (no helmet)
rElec    .         Harm     .   (no cloak)
rCorr    .         Rampage  .   (no gloves)
Will     .....                  (no boots)
Stlth    +.........             (no amulet)
HPRegen  0.08/turn              (no ring)
MPRegen  0.08/turn              (no ring)

@: no status effects
A: cold resistance 1, negative energy resistance 3, torment resistance 2, heat
vulnerability 1, no potions
a: Renounce Religion


You were on level 1 of the Dungeon.
You worshipped Lugonu.
Lugonu was noncommittal.
You visited 1 branch of the dungeon, and saw 1 of its levels.
You visited the Abyss 1 time.

Inventory:

Hand Weapons
 a - a +1 mace (weapon)
Missiles
 d - 39 stones
Armour
 b - a +0 leather armour (worn)
Scrolls
 c - a scroll of identify {unknown}


   Skills:
 + Level 3.2 Fighting
 + Level 1.8 Maces & Flails
 - Level 1.5 Armour
 - Level 0.7 Dodging
 + Level 1.9 Invocations


You had one spell level left.
You didn't know any spells.
Your spell library was empty.

Dungeon Overview and Level Annotations

Branches:
Dungeon (1/15)

Altars:


Innate Abilities, Weirdness & Mutations

You are immune to poison.
Your flesh is cold resistant. (rC+)
You are immune to negative energy. (rN+++)
You are immune to unholy pain and torment.
You are vulnerable to heat. (rF-)
You do not drink.


Message History

Lugonu accepts your kill.
A goblin comes into view. It is wielding a +0 club.
The goblin shouts!
You see here a rat corpse.
A gnoll comes into view. It is wielding a +0 flail.
The gnoll shouts!
The goblin closely misses you.
A quokka comes into view.
You hit the goblin.
The goblin is moderately wounded.
The goblin hits you with a +0 club.
You completely miss the goblin.
The goblin is moderately wounded.
The goblin closely misses you. The goblin barely misses you.
A giant cockroach comes into view.
You closely miss the goblin.
The goblin is moderately wounded.
The goblin hits you but does no damage.
You barely miss the goblin.
The goblin is moderately wounded.
The goblin hits you but does no damage.
You completely miss the goblin. The goblin misses you.
The goblin hits you with a +0 club.
You barely miss the goblin. The goblin barely misses you.
You closely miss the goblin. The goblin hits you with a +0 club.
You sock the goblin!
You kill the goblin!
Lugonu accepts your kill.
You see here a rat corpse.
You see here a hobgoblin corpse.
You hit the gnoll.
The gnoll is moderately wounded.
The gnoll barely misses you.
You hit the gnoll.
The gnoll is heavily wounded.
The gnoll hits you with a +0 flail.
You hit the gnoll.
The gnoll is heavily wounded.
The gnoll hits you with a +0 flail!
You die...

#. #. ### #. ####.### #########
###.###......########!....... .
.....).††........B.r......... ..
###.###.#..#.########B##+######..
... #.#..#.# #.......##..... ##..
#.#..#.######.............. ...
#+#..#....@grB......##... ....
.....###########.###.# ....
....#.# #.....†...#### ....
....#.# #....^........
#............. #.............
#............. #.............
#####.#.......


You could see a gnoll, a quokka and a giant cockroach.

Vanquished Creatures
  An endoplasm (D:1)
  A giant cockroach (D:1)
  A goblin (D:1)
  2 hobgoblins (D:1)
  2 bats (D:1)
  A kobold (D:1)
  2 rats (D:1)
10 creatures vanquished.

Notes
Turn   | Place    | Note
-------+----------+-------------------------------------------
     0 | Abyss:1  | belegose the Mummy Abyssal Knight began the quest for the
                  | Orb.
     0 | Abyss:1  | Reached XP level 1. HP: 18/18 MP: 2/2
    31 | Abyss:2  | Found a corrupted altar of Lugonu.
    41 | Abyss:2  | Noticed a small abomination
    69 | Abyss:2  | Noticed a raiju
    90 | Abyss:2  | Noticed a thrashing horror
    93 | D:1      | Escaped the Abyss
   607 | D:1      | Reached XP level 2. HP: 19/24 MP: 3/3
   648 | D:1      | Slain by a gnoll

Illustrated notes

Levels and vault maps discovered:
D:1:      lightli_arrival_lavapool, layout_basic, minmay_domino_2

Action                   || total
-------------------------++-------
Melee: Mace              ||    41
Invok: Depart the Abyss  ||     1
Armor: Leather armour    ||    11
Dodge: Dodged            ||    29
